 Dungeon Crawl Stone Soup version 0.30-b1-2-g02819fbbbe (webtiles) character file.

Game seed: 18150467949605122301

38 HoaS the Shooter (level 3, -3/29 HPs)
             Began as a Demigod Hunter on May 20, 2023.
             Succumbed to a goblin's poison
             ... on level 2 of the Dungeon.
             The game lasted 00:01:55 (985 turns).

HoaS the Shooter (Demigod Hunter)                    Turns: 985, Time: 00:01:56

Health: -3/29      AC:  5    Str: 12    XL:     3   Next: 10%
Magic:  5/5        EV: 12    Int: 11    God:
Gold:   138        SH:  0    Dex: 21    Spells: 2/2 levels left

rFire   . . .        a - +1 shortbow
rCold   . . .        (shield currently unavailable)
rNeg    . . .        c - +0 leather armour
rPois   .            f - +2 hat
rElec   .            (no cloak)
rCorr   .            (no gloves)
SInv    .            (no boots)
Will    .....        (no amulet)
Stlth   ++           (no ring)
HPRegen 0.24/turn    (no ring)
MPRegen 0.09/turn

%: no passive effects
@: lethally poisoned (-3 -> -23)
A: high MP 1, forlorn, divine attributes
a: no special abilities


You were on level 2 of the Dungeon.
You visited 1 branch of the dungeon, and saw 2 of its levels.

You collected 138 gold pieces.

Inventory:

Hand Weapons
 a - a +1 shortbow (weapon)
Armour
 c - a +0 leather armour (worn)
 f - a +2 hat (worn)
Wands
 g - a wand of flame (21)
Scrolls
 b - a scroll of immolation
Potions
 d - 2 potions of resistance
 e - 2 potions of might {unknown}
 i - 2 potions of magic {unknown}
 k - 3 potions of flight
 l - 3 potions of curing {unknown}


   Skills:
 - Level 1.7 Fighting
 + Level 4.7 Ranged Weapons
 - Level 1.7 Dodging
 - Level 0.8 Stealth


You had 2 spell levels left.
You didn't know any spells.
Your spell library contained the following spells:

 Spells                   Type           Power      Damage    Failure   Level
 Call Canine Familiar     Summ           0%         N/A       80%         3
 Portal Projectile        Hex/Tloc       0%         N/A       80%         3
 Leda's Liquefaction      Hex/Erth       0%         N/A       99%         4


Dungeon Overview and Level Annotations

Branches:
Dungeon (2/15)

Annotations:
D:2 Robin


Innate Abilities, Weirdness & Mutations

You have an increased reservoir of magic. (+10% MP)
You shall have no god before yourself.
Your divine heritage dramatically boosts your attributes as you level up.


Message History

The goblin misses you. The goblin hits you but does no damage.
You shoot an arrow.
The arrow hits the goblin but does no damage.
The goblin is severely wounded.
Robin hits you from afar with a +0 spear.
The goblin barely misses you.
You shoot an arrow. The arrow hits the goblin.
You kill the goblin!
Robin roars a battlecry!
The goblin goes into a battle-frenzy!
You hear a shout! x2
You hear a shout!
Robin throws the goblin at you! The goblin hits you but does no damage.
You shoot an arrow. The arrow barely misses the goblin.
The goblin hits you with a +2 dagger of venom.
The goblin completely misses you. Robin hits you but does no damage.
The goblin hits you with a +0 dagger. The goblin hits you but does no damage.
You are poisoned.
You shoot an arrow. The arrow misses the goblin.
You feel very sick.
Robin hits you from afar with a +0 spear.
The goblin closely misses you. The goblin misses you.
You shoot an arrow. The arrow hits the goblin!
You kill the goblin!
You feel sick. Robin hits you but does no damage.
The goblin hits you but does no damage.
You are lethally poisoned!
As you read the scroll labelled NIN HAV YSO, it crumbles to dust.
It is a scroll of enchant weapon.
Your +0 shortbow glows red for a moment.
You feel very sick.
Robin hits you from afar with a +0 spear.
* * * LOW HITPOINT WARNING * * *
A hobgoblin comes into view.
The goblin barely misses you. The goblin attacks as you move away!
The goblin hits you with a +2 dagger of venom.
* * * LOW HITPOINT WARNING * * *
You are more poisoned.
You die...

.†..####.#### ###.#####
..#.# #.# #.......# .##.#
#.# ###.......# ###.# #.#
#####.........# #.# #.#
#.....g|......# #.#
#.###.###g#.......#
#.####.....# #g#....(.(#
#...######## #.#...g...#
###.# #@#####.### #.#
###.#####.# #####.######
#..........
...........###.#.#####g.#
#####.####....#....)....#
##.##.# #..##.#.###..#)#
..# #.# #..##.#.# g .#
##.##.# #..##.#.# .g .# #
.... .... ...#


You could see Robin, a hobgoblin (strong) and a goblin (strong).

Vanquished Creatures
  5 ball pythons
  4 bats
  3 endoplasms (D:1)
  A giant cockroach (D:1)
  6 goblins
  4 hobgoblins
  2 quokkas (D:1)
  A frilled lizard (D:1)
  2 kobolds
  5 rats (D:1)
33 creatures vanquished.

Notes
Turn   | Place    | Note
-------+----------+-------------------------------------------
     0 | D:1      | HoaS the Demigod Hunter began the quest for the Orb.
     0 | D:1      | Reached XP level 1. HP: 17/17 MP: 3/3
   140 | D:1      | Reached skill level 4 in Ranged Weapons
   335 | D:1      | Reached XP level 2. HP: 24/24 MP: 4/4
   963 | D:2      | Reached XP level 3. HP: 29/29 MP: 5/5
   964 | D:2      | Noticed Robin
   985 | D:2      | Succumbed to a goblin's poison

Illustrated notes

Levels and vault maps discovered:
D:1:      minmay_arrival_pointy, layout_basic
D:2:      layout_loops_ring, uniq_robin

Skill      XL: |  1 |
---------------+----+-----
Ranged Weapons | 4 |  4.7
Fighting       | |  1.7
Dodging        | |  1.7
Stealth        | |  0.8

Action                     || total
---------------------------++-------
   Fire: Shortbow          ||    75
    Use: Scroll            ||     7
 Armour: Leather armour    ||    17
  Dodge: Dodged            ||    27
